 Dungeon Crawl Stone Soup version 0.28.0-53-g5a82cb258f (webtiles) character file.

Game seed: 10621110657492345294

49 SanguineChosen the Covered (level 3, 0/24 HPs)
             Began as a Gargoyle Fighter on June 29, 2022.
             Slain by a gnoll
             ... wielding a +0 flail
              (1 damage)
             ... on level 2 of the Dungeon.
             The game lasted 00:03:22 (870 turns).

SanguineChosen the Covered (Gargoyle Fighter)        Turns: 870, Time: 00:03:23

Health: 0/24       AC: 11    Str: 21    XL:     3   Next: 77%
Magic:  3/3        EV:  9    Int:  8    God:
Gold:   17         SH:  4    Dex:  9    Spells: 2/2 levels left

rFire   . . .      SeeInvis .   a - +0 flail
rCold   + . .      Faith    .   c - +0 buckler
rNeg    + . .      Spirit   .   b - +0 scale mail
rPois   ∞          Reflect  .   e - +0 helmet
rElec   +          Harm     .   (no cloak)
rCorr   .          Rampage  .   (no gloves)
Will    .....                   (no boots)
Stlth   ..........              (no amulet)
HPRegen 0.08/turn               g - ring of protection from cold
MPRegen 0.08/turn               (no ring)

@: mighty
A: sickness immunity, AC +3, negative energy resistance 1, electricity
resistance, torment resistance 1, petrification resistance
a: no special abilities


You were on level 2 of the Dungeon.
You visited 1 branch of the dungeon, and saw 2 of its levels.

You collected 17 gold pieces.

Inventory:

Hand Weapons
 a - a +0 flail (weapon)
Missiles
 j - an atropa-tipped dart (quivered)
Armour
 b - a +0 scale mail (worn)
 c - a +0 buckler (worn)
 e - a +0 helmet (worn)
Jewellery
 f - a ring of ice
 g - a ring of protection from cold (left hand)
Scrolls
 h - a scroll of magic mapping {unknown}
 i - a scroll of identify {unknown}


   Skills:
 + Level 3.7 Fighting
 + Level 2.7 Maces & Flails
 + Level 4.1 Armour
 + Level 3.4 Shields


You had 2 spell levels left.
You didn't know any spells.
Your spell library contained the following spells:

 Spells                   Type           Power      Damage    Failure   Level
 Passage of Golubria      Tloc           0%         N/A       100%        4
 Silence                  Hex/Air        0%         N/A       100%        5
 Lehudib's Crystal Spear  Conj/Erth      0%         10d2      100%        8


Dungeon Overview and Level Annotations

Branches:
Dungeon (2/15)

Altars:


Innate Abilities, Weirdness & Mutations

You are immune to sickness and miasma.
Your stone body is resilient. (AC +3)
You are immune to poison.
You resist negative energy. (rN+)
You are resistant to electric shocks. (rElec)
You are resistant to unholy torment.
You are immune to petrification.


Message History

The gnoll appears confused.
The gnoll shouts!
You block the adder's attack. The adder bites you but does no damage.
You sock the adder!
The adder is almost dead.
The gnoll seems less confused.
The gnoll barely misses you. The adder closely misses you.
A hobgoblin comes into view.
A gnoll comes into view. It is wielding a +0 halberd.
The adder misses you. The gnoll barely misses you.
You barely miss the adder.
The adder is almost dead.
The hobgoblin shouts!
The adder bites you but does no damage. The gnoll hits you with a +0 rapier.
You sock the adder!
You kill the adder!
The gnoll is no longer blind.
The gnoll closely misses you.
Your Armour skill increases to level 4!
Throw: 2 darts (atropa)
Press: ? - help, Q - select action Shift-Dir - straight line, f - gnoll, p - gnoll
Aim: a gnoll, wielding a +0 halberd (58% to hit, chance to blind on hit: 100%)
You throw an atropa-tipped dart.
The atropa-tipped dart closely misses the gnoll.
The gnoll hits you with a +0 rapier.
You sock the gnoll!
The gnoll is severely wounded.
The gnoll hits you but does no damage.
You sock the gnoll!
You kill the gnoll!
The gnoll hits you with a +0 flail!
You hit the gnoll.
The gnoll is moderately wounded.
You block the gnoll's attack. The gnoll closely misses you.
You closely miss the gnoll.
The gnoll is moderately wounded.
The gnoll barely misses you. x2; The gnoll hits you with a +0 halberd!
* * * LOW HITPOINT WARNING * * *
You feel very mighty all of a sudden. The gnoll hits you with a +0 flail.
You die...

.. #. ##.#. #.
#.##... #..
..(..##### ...
#........
#.##.......#
#..#.....# #(.g.....#
..#@#..<# #.#g#.#.#
#.#g#...# #..)#...#
### ##..#...###
.....#####..#.....+
......:........####..
#...(..............#
#g#.#######...####.#


You could see 2 gnolls and a hobgoblin.

Vanquished Creatures
  2 gnolls (D:2)
  An adder (D:2)
  A dart slug (D:1)
  2 endoplasms (D:1)
  A giant cockroach (D:1)
  2 goblins (D:1)
  A hobgoblin (D:1)
  A kobold (D:1)
  A quokka (D:1)
  4 bats (D:1)
  A frilled lizard (D:1)
  A rat (D:2)
18 creatures vanquished.

Notes
Turn   | Place    | Note
-------+----------+-------------------------------------------
     0 | D:1      | SanguineChosen the Gargoyle Fighter began the quest for the
                  | Orb.
     0 | D:1      | Reached XP level 1. HP: 14/14 MP: 1/1
   127 | D:1      | Reached XP level 2. HP: 19/19 MP: 2/2
   655 | D:1      | Found a faded altar of an unknown god.
   835 | D:2      | Reached XP level 3. HP: 22/24 MP: 3/3
   865 | D:2      | Reached skill level 4 in Armour
   869 | D:2      | HP: 1/24 [gnoll/+0 halberd (11)]
   870 | D:2      | Slain by a gnoll

Illustrated notes

Levels and vault maps discovered:
D:1:      psy_arrival_dodecagon, layout_loops_cross, basic_ecumenical_altar
D:2:      layout_basic, minmay_heptomino_w4

Skill      XL: |  1  2  3 |
---------------+----------+-----
Armour         | 4 |  4.1
Fighting       | |  3.7
Maces & Flails | |  2.7
Shields        | |  3.4

Action                   || total
-------------------------++-------
Melee: Flail             ||    63
Throw: Dart              ||     3
  Use: Potion            ||     1
Armor: Scale mail        ||    46
Dodge: Dodged            ||    38
Block: Buckler           ||    14
